 Dungeon Crawl Stone Soup version 0.19.4 (console) character file.

1058 Kloppie the Fighter (level 8, 0/117 HPs)
             Began as a Purple Draconian Berserker on Feb 5, 2017.
             Was a Believer of Trog.
             Incinerated by Naow's ghost (4 damage)
             ... with a sticky flame
             ... on level 4 of the Dungeon.
             The game lasted 00:03:44 (2893 turns).

Kloppie the Fighter (Purple Draconian Berserker)    Turns: 2893, Time: 00:03:45

Health: 0/117      AC: 24    Str: 20    XL:     8   Next: 6%
Magic:  8/8        EV:  2    Int:  7    God:    Trog [**....]
Gold:   151        SH:  0    Dex: 13    Spells: 0 memorised, 7 levels left

rFire  . . .     SeeInvis .     a - +0 hand axe
rCold  . . .     Gourm    .     (armour unavailable)
rNeg   + + +     Faith    .     (no shield)
rPois  +         Spirit   .     (helmet currently unavailable)
rElec  .         Reflect  .     (cloak currently unavailable)
rCorr  .         Harm     .     (gloves currently unavailable)
MR     +++..     NoTele   +     (boots currently unavailable)
Stlth  +.........               (no amulet)
                                (no ring)
                                (no ring)

@: exhausted, liquid flames, tree-form, regenerating, glowing
A: (breathe power), unfitting armour, (cold-blooded), AC +6
a: Berserk, Trog's Hand, Burn Spellbooks, Renounce Religion


You were on level 4 of the Dungeon.
You worshipped Trog.
Trog was pleased with you.
You were hungry.
You were a tree.
You visited 1 branch of the dungeon, and saw 4 of its levels.

You collected 151 gold pieces.

Inventory:

Hand Weapons
 a - a +0 hand axe (weapon)
Jewellery
 e - a +2 ring of dexterity {unknown}
 f - an uncursed ring of see invisible {unknown}
Wands
 p - a wand of flame (29/48)
Scrolls
 g - a scroll of magic mapping {unknown}
 h - 3 scrolls of identify {unknown}
 i - 2 scrolls of recharging {unknown}
 n - a scroll of remove curse {unknown}
 o - a scroll of teleportation {unknown}
 q - 2 scrolls of amnesia {unknown}
 u - a scroll of random uselessness {unknown}
Potions
 c - a potion of lignification
 j - 2 potions of curing {unknown}
 l - a potion of heal wounds {unknown}
 m - a potion of haste {unknown}
 r - a potion of cancellation {unknown}
 s - a potion of mutation {unknown}
 t - a potion of degeneration {unknown}
Comestibles
 b - 3 bread rations
 d - 2 meat rations
 k - 2 fruits
 v - 3 chunks of flesh


   Skills:
 * Level 9.1 Fighting
 + Level 6.0 Axes
 - Level 2.6 Dodging


You had 7 spell levels left.
You didn't know any spells.

Dungeon Overview and Level Annotations

Branches:
Dungeon (4/15)
 Temple: D:4-7

Altars:
Qazlal

Annotations:
D:4 Naow's ghost, amateur DEFE


Innate Abilities, Weirdness & Mutations

((You can breathe bolts of dispelling energy.))
((Your rich purple scales are hard. (AC +6)))
You cannot fit into any form of body armour.
((You are cold-blooded and may be slowed by cold attacks.))


Message History

Naow's ghost is heavily damaged.
You are covered in liquid flames!
* * * LOW HITPOINT WARNING * * *
Naow's ghost hits you.
* * * LOW HITPOINT WARNING * * *
It was a potion of lignification.
You turn into a tree.
Your roots penetrate the ground.
You are covered in liquid flames!
* * * LOW HITPOINT WARNING * * *
Naow's ghost completely misses you.
Okay, then.
You barely miss Naow's ghost.
Naow's ghost is heavily damaged.
You are covered in liquid flames!
* * * LOW HITPOINT WARNING * * *
Naow's ghost hits you but does no damage.
You barely miss Naow's ghost.
Naow's ghost is heavily damaged.
You are covered in liquid flames!
You die...

##.#%. #.#.#
##...## .#
#..#####
.###......#
))).......#
#)).......#######
#...............##
######....#####W♣#
###### ##$# #...
..... #####.. .


You could see Naow's ghost.

Vanquished Creatures
  Pikel (D:4)
  A water moccasin (D:3)
  Blork the orc (D:4)
  3 scorpions
  A gnoll shaman (D:4)
  An orc wizard (D:3)
  A centaur skeleton (D:4)
  A worker ant (D:4)
  12 gnolls
  2 adders
  2 oozes
  A worm (D:3)
  A dart slug (D:2)
  A leopard gecko (D:3)
  4 orcs (D:3)
  4 bats
  2 giant cockroaches
  8 goblins
  7 hobgoblins
  4 kobolds
  2 quokkas
  3 ball pythons
  3 frilled lizards (D:2)
  4 rats
70 creatures vanquished.

Notes
Turn   | Place    | Note
-------+----------+-------------------------------------------
     0 | D:1      | Kloppie the Draconian Berserker began the quest for the Orb.
     0 | D:1      | Reached XP level 1. HP: 19/19 MP: 1/1
   181 | D:1      | Reached XP level 2. HP: 27/27 MP: 2/2
   721 | D:2      | Reached skill level 4 in Fighting
   928 | D:2      | Reached XP level 3. HP: 26/33 MP: 3/3
  1156 | D:2      | Reached ** piety under Trog
  1404 | D:3      | Found a stormy altar of Qazlal.
  1492 | D:3      | Reached XP level 4. HP: 41/41 MP: 4/4
  1498 | D:3      | Reached skill level 5 in Fighting
  1688 | D:3      | Reached XP level 5. HP: 31/48 MP: 5/5
  2243 | D:3      | Noticed a water moccasin
  2253 | D:3      | Killed a water moccasin
  2253 | D:3      | Reached skill level 6 in Fighting
  2253 | D:3      | Reached XP level 6. HP: 58/58 MP: 6/6
  2549 | D:4      | Noticed Blork the orc
  2565 | D:4      | Killed Blork the orc
  2565 | D:4      | Reached skill level 7 in Fighting
  2774 | D:4      | Reached skill level 5 in Axes
  2777 | D:4      | Noticed a slave
  2778 | D:4      | Noticed a slave
  2779 | D:4      | Noticed a slave
  2779 | D:4      | Noticed a slave
  2780 | D:4      | Noticed Pikel
  2798 | D:4      | Killed Pikel
  2798 | D:4      | Reached skill level 8 in Fighting
  2798 | D:4      | Your scales start taking on a rich purple colour.
  2798 | D:4      | Reached XP level 7. HP: 69/69 MP: 7/7
  2853 | D:4      | Reached skill level 9 in Fighting
  2856 | D:4      | Reached XP level 8. HP: 43/78 MP: 8/8
  2883 | D:4      | Noticed Naow's ghost (amateur DEFE)
  2891 | D:4      | HP: 4/117 [burnt (6)]
  2893 | D:4      | Incinerated by Naow's ghost

Skill      XL: |  1  2  3  4  5  6  7  8 |
---------------+-------------------------+-----
Fighting       | 4 5 6 8 9 |  9.1
Axes           | 4 5 6 |  6.0
Dodging        | |  2.6

Action                   |  1- 3 |  4- 6 |  7- 9 || total
-------------------------+-------+-------+-------++-------
Melee: Hand axe          |   110 |   100 |    25 ||   235
       Tailslap          |    16 |    11 |     5 ||    32
Invok: Berserk           |     1 |     4 |     1 ||     6
       Trog's Hand       |       |     1 |     1 ||     2
  Use: Potion            |       |       |     1 ||     1
 Stab: Sleeping          |       |     1 |       ||     1
  Eat: Chunk             |     2 |     8 |     1 ||    11
       Fruit             |       |       |     1 ||     1
Armor: Skin              |    28 |    19 |     7 ||    54
Dodge: Dodged            |    58 |    58 |    33 ||   149
